 Dungeon Crawl Stone Soup version 0.27.1-33-g824d729ab1 (webtiles) character file.

Game seed: 6245301366465316759

615 styxcanada the Covert (level 7, -4/35 HPs)
             Began as a Spriggan Brigand on Dec 2, 2021.
             Slain by a killer bee (5 damage)
             ... on level 5 of the Dungeon.
             The game lasted 00:17:19 (5600 turns).

styxcanada the Covert (Spriggan Brigand)            Turns: 5600, Time: 00:17:20

Health: -4/35      AC:  3    Str:  7    XL:     7   Next: 21%
Magic:  13/13      EV: 19    Int: 13    God:
Gold:   160        SH:  0    Dex: 18    Spells: 10/13 levels left

rFire    + + .     SeeInvis +   v - +1 short sword (venom)
rCold    + . .     Faith    .   (shield restricted)
rNeg     . . .     Spirit   .   b - +1 robe
rPois    .         Reflect  .   (helmet restricted)
rElec    .         Harm     .   k - scarf {rC+ rF+}
rCorr    .         Rampage  .   (gloves unavailable)
Will     +....                  (boots unavailable)
Stlth    ++++......             (no amulet)
HPRegen  0.11/turn              t - ring of protection from fire
MPRegen  0.13/turn              (no ring)

@: lethally poisoned (-4 -> -7), very quick
A: very small, no large weapons, unfitting armour, see invisible, speed 3,
talons 1, subdued magic 1
a: no special abilities


You were on level 5 of the Dungeon.
You visited 1 branch of the dungeon, and saw 5 of its levels.

You collected 160 gold pieces.

Inventory:

Hand Weapons
 a - a +2 dagger
 i - a +0 hunting sling
 r - a +2 dagger of venom
 u - a +2 quarterstaff of chaos
 v - a +1 short sword of venom (weapon)
Missiles
 d - 5 silver boomerangs
 e - a curare-tipped dart
 h - 115 stones
 p - 4 poisoned darts (quivered)
Armour
 b - a +1 robe (worn)
 c - a +0 cloak
 k - a scarf of resistance (worn)
Jewellery
 t - a ring of protection from fire (left hand)
Scrolls
 n - a scroll of immolation
 o - a scroll of teleportation
 s - a scroll of holy word
Potions
 g - 3 potions of flight
 j - a potion of resistance
 m - a potion of might {unknown}
 q - a potion of lignification {unknown}


   Skills:
 * Level 2.8 Fighting
 + Level 3.5 Short Blades
 + Level 2.6 Throwing
 * Level 4.3 Dodging
 * Level 8.6 Stealth
 * Level 3.9 Spellcasting
 * Level 0.7 Transmutations
 * Level 0.2 Air Magic
 * Level 0.7 Poison Magic


You had 10 spell levels left.
You knew the following spells:

 Your Spells              Type           Power      Damage    Failure   Level
a - Sting                 Tmut/Pois      12%        1d3       13%         1
b - Poisonous Vapours     Pois/Air       4%         N/A       22%         2

Your spell library contained the following spells:

 Spells                   Type           Power      Damage    Failure   Level
 Olgreb's Toxic Radiance  Pois           3%         N/A       80%         4


Dungeon Overview and Level Annotations

Branches:
Dungeon (5/15)
 Temple: D:4-7

Altars:
Dithmenos

Annotations:
D:2 Natasha


Innate Abilities, Weirdness & Mutations

You are very small and have problems with some larger weapons.
You are too small for most types of armour.
You have supernaturally acute eyesight. (SInv)
You cover ground extremely quickly. (Speed+++)
You have sharp toenails.
Your spells are a little easier to cast, but a little less powerful.


Message History

The killer bee stings you.
You are more poisoned.
The killer bee poisons you!
You barely miss the killer bee.
* * * LOW HITPOINT WARNING * * *
You feel sick. The killer bee stings you.
* * * LOW HITPOINT WARNING * * *
You are lethally poisoned!
The killer bee poisons you! The killer bee stings you.
* * * LOW HITPOINT WARNING * * *
You are more poisoned.
The killer bee poisons you!
You feel better. The killer bee barely misses you.
The killer bee closely misses you.
You hit the killer bee.
The killer bee is poisoned.
The killer bee is moderately wounded.
The killer bee closely misses you.
You closely miss the killer bee.
The killer bee is heavily wounded.
The killer bee stings you.
* * * LOW HITPOINT WARNING * * *
You are lethally poisoned!
The killer bee poisons you! The killer bee stings you.
* * * LOW HITPOINT WARNING * * *
You are more poisoned.
The killer bee poisons you!
You feel better.
You kill the killer bee!
The killer bee stings you!
* * * LOW HITPOINT WARNING * * *
You are lethally poisoned!
The killer bee poisons you!
* * * LOW HITPOINT WARNING * * *
You feel sick.
Found an escape hatch in the ceiling.
It was a potion of mutation.
You feel extremely strange.
Your toenails lengthen and sharpen.
Your connection to magic feels subdued.
* * * LOW HITPOINT WARNING * * *
You feel sick. The killer bee stings you.
You die...

#.# .....#.#h. #.# #.< #...$..
#.# #.# #.#.#.. ###.# #.#
#..$..# #..<# #.# ##o#..##
#.### #.# #....## #.# #.#
#h((## #.######.###### #Z.#.##
#.......@y.hy.# #..##.##
#..#####.####.# #.y# ..#
#..#####.####.####..##.#.
#.####..#.....##..yy..yy......
#....................(.†....##
#.####..#.###.####.####......#
.......# #.###...###......#
####..### #................#
#..# ######...###......#


You could see a hound and 2 killer bees.

Vanquished Creatures
  A black bear (D:4)
  A centaur (D:4)
  A scorpion (D:4)
  2 killer bees (D:5)
  A hound (D:3)
  An orc priest (D:4)
  Crazy Yiuf (D:2)
  Natasha (twice) (D:2)
  An iguana (D:5)
  2 hound skeletons
  Robin (D:2)
  An adder (D:2)
  An ufetubus (D:4)
  A worm (D:3)
  A dart slug (D:1)
  5 orcs
  6 ball pythons
  5 bats
  6 endoplasms
  2 giant cockroaches
  6 hobgoblins
  A jackal (D:3)
  5 kobolds
  A quokka (D:1)
  3 frilled lizards
  15 goblins
  2 rats
75 creatures vanquished.

Notes
Turn   | Place    | Note
-------+----------+-------------------------------------------
     0 | D:1      | styxcanada the Spriggan Brigand began the quest for the
                  | Orb.
     0 | D:1      | Reached XP level 1. HP: 10/10 MP: 2/2
    16 | D:1      | Reached skill level 6 in Stealth
    81 | D:1      | Reached XP level 2. HP: 5/14 MP: 3/3
  1462 | D:2      | Reached XP level 3. HP: 10/18 MP: 4/4
  1464 | D:2      | Learned a level 1 spell: Sting
  1556 | D:2      | Noticed Robin
  1574 | D:2      | Killed Robin
  1575 | D:2      | Reached skill level 7 in Stealth
  1840 | D:2      | Noticed Natasha
  1847 | D:2      | Killed Natasha
  1848 | D:2      | Reached skill level 1 in Spellcasting
  1848 | D:2      | Reached XP level 4. HP: 23/23 MP: 4/6
  1887 | D:2      | Found a faded altar of an unknown god.
  1910 | D:2      | Noticed Natasha
  2202 | D:2      | Killed Natasha
  2227 | D:2      | Noticed Natasha
  2528 | D:2      | Found a runed translucent door.
  2529 | D:2      | Noticed Crazy Yiuf
  2542 | D:2      | Killed Crazy Yiuf
  2543 | D:2      | Reached XP level 5. HP: 10/26 MP: 8/8
  3263 | D:3      | Reached skill level 8 in Stealth
  4202 | D:4      | Noticed a centaur
  4488 | D:4      | Killed a centaur
  4489 | D:4      | Reached XP level 6. HP: 20/30 MP: 9/11
  4640 | D:4      | Found a shadowy altar of Dithmenos.
  4717 | D:4      | Learned a level 2 spell: Poisonous Vapours
  5477 | D:5      | Entered Level 5 of the Dungeon
  5553 | D:5      | Reached XP level 7. HP: 28/35 MP: 10/13
  5600 | D:5      | Gained mutation: You have sharp toenails. [potion of
                  | mutation]
  5600 | D:5      | Gained mutation: Your spells are a little easier to cast,
                  | but a little less powerful. [potion of mutation]
  5600 | D:5      | HP: 1/35 [poisoned by a killer bee]
  5600 | D:5      | Slain by a killer bee

Illustrated notes

Levels and vault maps discovered:
D:1:      lightli_arrival_chessboard, layout_loops_ring, patterned_corridor
D:2:      layout_basic, serial_co_window_serial, co_window_paths_a,
          co_window_cross_1, co_window_corner_a, co_window_paths_a,
          co_window_paths_b, co_window_paths_a, co_window_corner_cb,
          co_window_of_opportunity_c, co_window_of_opportunity_b,
          co_window_of_opportunity_c, co_window_unsneaky_path_b,
          co_window_4corner_b, glass_columns_a, glass_columns_b,
          glass_columns_a, glass_columns_a,
          shapermc_ecumenical_altar_mp_vishouse, chequers_serial_rivers_marsh,
          uniq_robin, uniq_crazy_yiuf_cottage, uniq_natasha
D:3:      layout_loops_corners, minmay_pentomino_pile
D:4:      layout_basic, nicolae_dithmenos_the_darkroom, hangedman_feature_mirror
D:5:      layout_loops_ring, minmay_mini_ossuary

Skill      XL: |  1  2  3  4  5  6 |
---------------+-------------------+-----
Stealth        | 6 7 8 |  8.6
Dodging        | 2 3 4 |  4.3
Spellcasting   | 1 2 3 |  3.9
Fighting       | 2 |  2.8
Short Blades   | 3 |  3.5
Throwing       | |  2.6
Transmutations | |  0.7
Air Magic      | |  0.2
Poison Magic   | |  0.7

Action                   |  1- 3 |  4- 6 |  7- 9 || total
-------------------------+-------+-------+-------++-------
Melee: Dagger            |    80 |    19 |       ||    99
       Short sword       |       |    95 |    10 ||   105
Throw: Dart              |    20 |    13 |       ||    33
       Stone             |       |     1 |       ||     1
 Cast: Sting             |     1 |    10 |       ||    11
  Use: Scroll            |       |    11 |       ||    11
       Potion            |       |       |     3 ||     3
 Stab: Sleeping          |    10 |    11 |       ||    21
Armor: Robe              |     8 |    11 |     3 ||    22
Dodge: Dodged            |    40 |   104 |    20 ||   164
